 Dungeon Crawl Stone Soup version 0.17-a0-1184-gb75be8f (webtiles) character file.

116 Kidiri the Shooter (level 4, -1/37 HPs)
             Began as a Centaur Arcane Marksman on June 1, 2015.
             Slain by Purgy (3 damage)
             ... in a sewer.
             The game lasted 00:13:47 (2616 turns).

Kidiri the Shooter (Centaur Arcane Marksman)        Turns: 2616, Time: 00:13:47

Health: -1/37      AC:  4    Str: 13    XL:     4   Next: 70%
Magic:  0/6        EV:  9    Int: 12    God:
Gold:   95         SH:  0    Dex: 10    Spells: 2 memorised, 2 levels left

rFire  . . .     SeeInvis .     p - +0 long sword
rCold  . . .     Clarity  .     n - +0 leather armour
rNeg   . . .     SustAt   .     (no shield)
rPois  .         Gourm    .     (no helmet)
rElec  .         Spirit   .     (no cloak)
rCorr  .         Warding  .     (no gloves)
rMut   .         Stasis   .     (no barding)
MR     .....                    (no amulet)
Stlth  ..........               (no ring)
                                (no ring)

@: very quick, not resistant to hostile enchantments, extremely unstealthy
A: hooves 3, deformed body, speed 2, tough skin 3
a: no special abilities


You were in a sewer.
You were not hungry.

You visited 1 branch of the dungeon, and saw 3 of its levels.
You also visited: Sewer.

You collected 95 gold pieces.

Inventory:

Hand weapons
 b - a +0 shortbow
 p - a +0 long sword (weapon)
Missiles
 c - 22 arrows
Armour
 n - a +0 leather armour (worn)
 r - a +2 ring mail of cold resistance
Magical staves
 u - an uncursed staff of poison
Scrolls
 a - 2 scrolls of fear {unknown}
 f - 9 scrolls of identify {unknown}
 g - 2 scrolls of teleportation {unknown}
 j - a scroll of amnesia {unknown}
 k - a scroll of enchant armour {unknown}
 l - 4 scrolls of enchant weapon {unknown}
 o - a scroll of remove curse {unknown}
 s - a scroll of magic mapping {unknown}
Potions
 i - a potion of lignification {unknown}
 m - 2 potions of flight {unknown}
 q - a potion of agility {unknown}
 t - a potion of degeneration {unknown}
Books
 d - a book of Debilitation

   Spells                             Type                      Level
   a - Corona                         Hexes                        1
   b - Slow                           Hexes                        2
   c - Gell's Gravitas                Hexes/Translocation          3
   d - Inner Flame                    Hexes/Fire                   3
   e - Cause Fear                     Hexes                        4
   f - Leda's Liquefaction            Hexes/Earth                  4
Comestibles
 e - 2 bread rations


   Skills:
 * Level 2.3 Fighting
   Level 0.5(0.6) Short Blades
 + Level 0.3(0.5) Long Blades
 * Level 4.5 Bows
 + Level 1.7 Dodging
 * Level 1.3 Spellcasting
 + Level 3.0 Hexes


You had 2 spell levels left.
You knew the following spells:

 Your Spells              Type           Power        Failure   Level  Hunger
a - Corona                Hex            #......      14%         1    ##.....
b - Slow                  Hex            #.......     21%         2    ###....


Dungeon Overview and Level Annotations

Branches:
Dungeon (3/15)

Altars:
Trog

Annotations:
Sewer Purgy


Innate Abilities, Weirdness & Mutations

You have hooves in place of feet.
Armour fits poorly on your strangely shaped body.
You cover ground very quickly.
You have extremely tough skin (AC +3).


Message History

* * * LOW HITPOINT WARNING * * *
Purgy completely misses you.
Your magical contamination has completely faded away.
Drink which item? (? for menu, Esc to quit)
You feel better.
Purgy hisses menacingly.
Purgy bites you. Purgy claws you.
* * * LOW HITPOINT WARNING * * *
Purgy claws you but does no damage.
You closely miss Purgy. Your kick misses Purgy.
Purgy is lightly wounded.
Purgy looks very sad for a moment.
Purgy bites you.
* * * LOW HITPOINT WARNING * * *
Purgy claws you.
* * * LOW HITPOINT WARNING * * *
Purgy claws you but does no damage. Purgy bites you.
* * * LOW HITPOINT WARNING * * *
Purgy closely misses you. Purgy claws you.
You die...

####################
#?##.##.##.##)##(##.
#.##.##.##.##.##.##.
#(##'##'##'##'##)##†
#.T@............(...
≈≈≈≈≈≈#≈≈≈≈≈≈≈≈≈.≈≈≈≈≈≈≈≈≈
≈≈≈≈≈≈#≈≈≈≈≈≈≈≈≈∩≈≈≈≈≈≈≈≈≈
≈≈≈≈≈≈#≈≈≈≈≈≈≈≈≈.≈≈≈≈≈≈≈≈≈
#######...............(...
#+##+##+##.##+##+##+ #.#
#∩# ###


You could see Purgy.

Vanquished Creatures
  Terence (D:3)
  4 adders
  3 giant geckos
  An orc (D:2)
  8 hobgoblins
  12 kobolds
  2 quokkas
  2 ball pythons (D:1)
  3 bats
  A giant cockroach (D:3)
  3 giant newts (D:2)
  7 goblins
  6 rats
53 creatures vanquished.

Notes
Turn   | Place    | Note
--------------------------------------------------------------
     0 | D:1      | Kidiri the Centaur Arcane Marksman began the quest for the Orb.
     0 | D:1      | Reached XP level 1. HP: 16/16 MP: 2/2
    75 | D:1      | Reached skill level 3 in Bows
   152 | D:1      | Reached XP level 2. HP: 21/23 MP: 3/3
   169 | D:1      | Learned a level 2 spell: Slow
   906 | D:2      | Reached XP level 3. HP: 21/28 MP: 4/4
  1013 | D:2      | Reached skill level 4 in Bows
  1601 | D:2      | Found a bloodstained altar of Trog.
  1927 | D:2      | Reached XP level 4. HP: 36/36 MP: 5/5
  2037 | D:3      | Noticed Terence
  2053 | D:3      | Killed Terence
  2393 | D:3      | Found a glowing drain.
  2399 | Sewer    | Entered a sewer
  2594 | Sewer    | Noticed Purgy
  2616 | Sewer    | Slain by Purgy

Vault maps used:
D:1:      dpeg_arrival_three_bigger_balls
D:2:      minmay_misc_feat_diagonals, trog_butcher_becter
D:3:      lightli_sewer_entry_pipes, first_bread, uniq_terence, uniq_sigmund,
          uniq_iyjb
Sewer:    kennysheep_door_sewer

Action                   |  1- 3 |  4- 6 || total
-------------------------+-------+-------++-------
Melee: Short sword       |    61 |       ||    61
       Long sword        |    18 |    19 ||    37
 Fire: Shortbow          |    41 |    44 ||    85
 Cast: Corona            |     6 |     7 ||    13
       Slow              |     1 |     3 ||     4
  Use: Potion            |       |     5 ||     5
  Eat: Chunk             |     2 |       ||     2
       Bread ration      |       |     1 ||     1
